 Dungeon Sprint DCSS version 0.17-a0-2064-g265a032 (webtiles) character file.

1015 Kidiri the Covert (level 8, -11/36 HPs)
             Began as a Spriggan Enchanter on Oct 12, 2015.
             Was a Believer of Dithmenos.
             Killed from afar by Josephine (26 damage)
             ... with a ghostly fireball
             ... in the Dungeon (Sprint III: "The Ten Rune Challenge").
             The game lasted 00:04:53 (1089 turns).

Kidiri the Covert (Spriggan Enchanter)              Turns: 1089, Time: 00:04:53

Health: -11/36     AC:  3    Str:  4    XL:     8   Next: 1%
Magic:  19/21      EV: 28    Int: 17    God:    Dithmenos [**....]
Gold:   20         SH:  0    Dex: 20    Spells: 7 memorised, 2 levels left

rFire  . . .     SeeInvis +     a - +3 dagger (freeze)
rCold  . . .     Clarity  +     b - +1 robe
rNeg   . . .     SustAt   .     (shield restricted)
rPois  .         Gourm    .     (helmet restricted)
rElec  .         Spirit   .     (no cloak)
rCorr  .         Warding  .     (gloves unavailable)
rMut   .         NoTele   +     (boots unavailable)
MR     +....                    (no amulet)
Stlth  ++++++++..               (no ring)
                                (no ring)

@: wreathed by umbra, very quick, somewhat resistant to hostile enchantments,
extraordinarily stealthy
A: unfitting armour, horns 1, see invisible, agile 1, berserk 1, clarity,
deterioration 1, herbivore 3, speed 3, slow metabolism 2, spit poison 1
a: Spit Poison, Shadow Step, Renounce Religion


You were in the Dungeon.
You worshipped Dithmenos.
Dithmenos was pleased with you.
You were not hungry.

You visited 1 branch You collected 20 gold pieces.

Inventory:

Hand Weapons
 a - a +3 dagger of freezing (weapon)
Armour
 b - a +1 robe (worn)
Wands
 f - a wand of digging (10)
Scrolls
 j - a scroll of blinking
 l - a scroll of holy word {unknown}
 n - 4 scrolls of remove curse
 r - a scroll of torment {unknown}
Potions
 c - a potion of heal wounds
 e - a potion of curing
 g - a potion of haste
 h - 2 potions of magic
 p - a potion of lignification
 q - 2 potions of flight {unknown}
 s - a potion of cure mutation {unknown}
Books
 i - a book of Enchantments

   Spells                             Type                      Level
   a - Cause Fear                     Hexes                        4
   b - Silence                        Hexes/Air                    5
   c - Deflect Missiles               Charms/Air                   6
   d - Haste                          Charms                       6
   e - Discord                        Hexes                        8
Comestibles
 d - 2 bread rations
 o - 3 royal jellies


   Skills:
 * Level 7.9 Short Blades
 + Level 3.6 Armour
 * Level 10.6 Dodging
 * Level 11.7 Stealth
 * Level 8.9 Spellcasting
 + Level 2.9 Conjurations
 + Level 7.2 Hexes
 + Level 2.4 Charms
 + Level 3.5 Ice Magic
 + Level 1.4 Air Magic
 - Level 2.2 Invocations


You had 2 spell levels left.
You knew the following spells:

 Your Spells              Type           Power        Failure   Level  Hunger
a - Corona                Hex            ####...      1%          1    None
b - Ensorcelled Hibernat  Hex/Ice        ####..       1%          2    None
c - Confuse               Hex            ####....     1%          3    None
d - Tukima's Dance        Hex            ####....     1%          3    None
e - Dazzling Spray        Conj/Hex       ###.....     4%          3    None
f - Cause Fear            Hex            ####......   6%          4    ###....
g - Deflect Missiles      Chrm/Air       ##........   100%        6    ######.


Dungeon Overview and Level Annotations

Branches:
Dungeon (1/1)

Altars:
Cheibriados
Dithmenos
Elyvilon
Fedhas
Gozag
Kikubaaqudgha
Makhleb
Nemelex Xobeh
Okawaru
Qazlal
Ru
Sif Muna
Trog
Vehumet
Xom
Yredelemnul
Zin
The Shining One
Jiyva
Lugonu

Annotations:
D Josephine


Innate Abilities, Weirdness & Mutations

You are tiny and cannot use many weapons and most armour.
You have supernaturally acute eyesight.
You are a herbivore.
You cover ground extremely quickly.
You need consume almost no food.
You have a pair of small horns on your head.
You are agile. (Dex +2)
You tend to lose your temper in combat.
You possess an exceptional clarity of mind.
Your body sometimes deteriorates upon taking damage.
You can spit weak poison.


Message History

You close the door.
You open the door.
There is an open door here.
Josephine the Decaying Necromancer comes into view.
She is wielding a dagger.
You enter the shallow water.
Moving in this stuff is going to be slow.
Josephine shouts!
Josephine casts a spell at you.
The ghostly flame explodes!
The ghostly fireball engulfs you!
Ouch! That really hurt!
Casting: Ensorcelled Hibernation
Confirm with . or Enter, or press ? or * to list all spells.
Aiming: Ensorcelled Hibernation
Press: ? - help, Shift-Dir - straight line, f - Josephine
Aim: Josephine, wielding a dagger and wearing a robe (black smoke, umbra, chance to defeat MR: 21%) Josephine resists with almost no effort.
Josephine casts a spell at you.
The ghostly flame explodes!
The ghostly fireball engulfs you!
Ouch! That really hurt!
You die...

##.############
#..#___#__[#__#
#..#)..#..)#%_#
#..###+#+###+##
#..#..........#
...'.⌠........#
...#...######'#
...#.⌠.#__#...#+#####
...#...#__#...#.@§§≈+
...#+###__#...#.#§§≈#
...#.):#__#...'.#@§§#
...#___#_.+...#.#§§§#
▓▓▓▓▓▓▓▓▓▓▓▓▓▓▓▓▓


You could see Josephine.

Vanquished Creatures
  A deep elf priest (D)
  A shadow (D)
  A spatial vortex (D)
  A necrophage (D)
  A water elemental (D)
  A jelly (D)
  A necromancer (D)
  Jessica (D)
  A wizard (D)
  A kobold demonologist (D)
  3 humans (D)
  A phantom (D)
  3 rats (D)
17 creatures vanquished.

Vanquished Creatures (others)
  2 draconian scorchers (D)
  A yaktaur (D)
3 creatures vanquished.

Grand Total: 20 creatures vanquished

Notes
Turn   | Place    | Note
--------------------------------------------------------------
     0 | D        | Kidiri the Spriggan Enchanter began the quest for the Orb.
     0 | D        | Reached XP level 1. HP: 9/9 MP: 5/5
    97 | D        | Killed a yaktaur
   111 | D        | Noticed Jessica
   115 | D        | Killed Jessica
   115 | D        | Reached skill level 1 in Armour
   115 | D        | Reached skill level 6 in Stealth
   115 | D        | Reached XP level 2. HP: 13/13 MP: 5/7
   142 | D        | Learned a level 2 spell: Ensorcelled Hibernation
   162 | D        | Reached XP level 3. HP: 13/16 MP: 7/9
   164 | D        | Reached skill level 5 in Dodging
   169 | D        | Learned a level 3 spell: Confuse
   173 | D        | Learned a level 3 spell: Tukima's Dance
   186 | D        | Killed a white draconian scorcher
   239 | D        | Gained mutation: Your body sometimes deteriorates upon taking damage. [potion of mutation]
   239 | D        | Gained mutation: You have a pair of small horns on your head. [potion of mutation]
   239 | D        | Gained mutation: You can spit weak poison. [potion of mutation]
   240 | D        | Gained mutation: You are agile. (Dex +2) [potion of mutation]
   240 | D        | Gained mutation: You tend to lose your temper in combat. [potion of mutation]
   240 | D        | Gained mutation: You possess an exceptional clarity of mind. [potion of mutation]
   248 | D        | Noticed a water elemental
   250 | D        | Killed a water elemental
   250 | D        | Reached skill level 7 in Stealth
   250 | D        | Reached skill level 5 in Spellcasting
   250 | D        | Reached skill level 5 in Hexes
   250 | D        | Reached skill level 1 in Ice Magic
   250 | D        | Reached XP level 4. HP: 21/21 MP: 10/12
   255 | D        | Learned a level 3 spell: Dazzling Spray
   269 | D        | Noticed a jelly
   270 | D        | Noticed a shadow
   314 | D        | Killed a shadow
   314 | D        | Reached skill level 5 in Short Blades
   314 | D        | Reached skill level 8 in Dodging
   314 | D        | Reached skill level 9 in Stealth
   314 | D        | Reached skill level 1 in Conjurations
   314 | D        | Reached XP level 5. HP: 24/24 MP: 1/15
   338 | D        | Killed a white draconian scorcher
   412 | D        | Killed a jelly
   412 | D        | Reached XP level 6. HP: 19/28 MP: 16/16
   574 | D        | Found a stormy altar of Qazlal.
   575 | D        | Found a sacrificial altar of Ru.
   575 | D        | Found a burning altar of Makhleb.
   575 | D        | Found a viscous altar of Jiyva.
   575 | D        | Found a shimmering altar of Xom.
   575 | D        | Found a shadowy altar of Dithmenos.
   575 | D        | Found a sparkling altar of Nemelex Xobeh.
   575 | D        | Found a corrupted altar of Lugonu.
   575 | D        | Found an opulent altar of Gozag.
   575 | D        | Noticed a spatial vortex
   579 | D        | Became a worshipper of Dithmenos the Shadowed
   622 | D        | Killed a spatial vortex
   622 | D        | Reached skill level 10 in Stealth
   622 | D        | Reached skill level 1 in Invocations
   822 | D        | Found a radiant altar of Vehumet.
   823 | D        | Found a deep blue altar of Sif Muna.
   823 | D        | Found an ancient bone altar of Kikubaaqudgha.
   823 | D        | Noticed a wizard
   824 | D        | Killed a wizard
   827 | D        | Reached * piety under Dithmenos
   843 | D        | Learned a level 4 spell: Cause Fear
   851 | D        | Found a glowing silver altar of Zin.
   852 | D        | Found a glowing golden altar of the Shining One.
   852 | D        | Found a white marble altar of Elyvilon.
   852 | D        | Noticed a deep elf priest
   854 | D        | Killed a deep elf priest
   854 | D        | Reached XP level 7. HP: 32/32 MP: 17/19
   864 | D        | Learned a level 6 spell: Deflect Missiles
   972 | D        | Found an iron altar of Okawaru.
   973 | D        | Found a bloodstained altar of Trog.
   973 | D        | Noticed a human
   973 | D        | Noticed a human
   979 | D        | Killed a human
   979 | D        | Reached skill level 10 in Dodging
   979 | D        | Reached skill level 11 in Stealth
   979 | D        | Reached skill level 1 in Charms
   981 | D        | Killed a human
   981 | D        | Reached skill level 1 in Air Magic
  1056 | D        | Found a snail-covered altar of Cheibriados.
  1056 | D        | Noticed a necrophage
  1057 | D        | Found a basalt altar of Yredelemnul.
  1057 | D        | Found a blossoming altar of Fedhas.
  1057 | D        | Noticed a necromancer
  1058 | D        | Killed a necrophage
  1058 | D        | Reached ** piety under Dithmenos
  1059 | D        | Killed a necromancer
  1059 | D        | Reached XP level 8. HP: 36/36 MP: 21/21
  1086 | D        | Noticed Josephine
  1089 | D        | Killed from afar by Josephine

Vault maps used:
D:        dungeon_sprint_mu

Action                   |  1- 3 |  4- 6 |  7- 9 || total
-------------------------+-------+-------+-------++-------
Melee: Dagger            |    18 |    21 |     5 ||    44
 Cast: Ensorcelled Hiber |     1 |     2 |     2 ||     5
       Dazzling Spray    |       |    10 |     1 ||    11
       Confuse           |       |       |     2 ||     2
  Use: Potion            |     2 |     2 |       ||     4
       Scroll            |     2 |       |       ||     2
 Stab: Sleeping          |     5 |     3 |     3 ||    11
       Confused          |       |       |     1 ||     1
